 Dungeon Crawl Stone Soup version 0.30.0-29-ga12c61a403 (webtiles) character file.

Game seed: 3320657028527564746

1122 Tirrikindir the Slasher (level 8, -4/56 HPs)
             Began as an Octopode Berserker on June 21, 2023.
             Was a Priest of Trog.
             Slain by a gnoll
             ... wielding a +0 spear
              (6 damage)
             ... on level 5 of the Dungeon.
             The game lasted 00:09:18 (3888 turns).

Tirrikindir the Slasher (Octopode Berserker)        Turns: 3888, Time: 00:09:20

Health: -4/56      AC:  1    Str: 13 (16) XL:     8   Next: 35%
Magic:  8/8        EV: 14    Int:  5 (8)  God:    Trog [***...]
Gold:   250        SH:  0    Dex: 16 (17) Spells: 7/7 levels left

rFire   . . .        m - +1 falchion (elec)
rCold   + . .        (no shield)
rNeg    . . .        (helmet restricted)
rPois   .            (no amulet)
rElec   .            (no ring)
rCorr   .            (no ring)
SInv    .            (no ring)
Will    .....        (no ring)
Stlth   ++++         (no ring)
HPRegen 0.29/turn    (no ring)
MPRegen 0.11/turn    (no ring)
                     (no ring)

%: no passive effects
@: marked, on berserk cooldown, slowed, studying Fighting, very slow
A: almost no armour, amphibious, 8 rings, camouflage 1, gelatinous body 1,
(nimble swimmer 1), tentacles, agile 1, cold resistance 1
a: Renounce Religion, Berserk, Trog's Hand


You were on level 5 of the Dungeon.
You worshipped Trog.
Trog was most pleased with you.
You visited 2 branches of the dungeon, and saw 6 of its levels.

You collected 250 gold pieces.

Inventory:

Hand Weapons
 c - a +5 dagger of protection
 m - a +1 falchion of electrocution (weapon)
Jewellery
 e - an amulet of faith
Wands
 a - a wand of polymorph (4)
Potions
 b - 3 potions of lignification
 f - a potion of cancellation {unknown}
 g - a potion of haste {unknown}
 h - a potion of curing
 i - a potion of degeneration
 k - a potion of invisibility {unknown}


   Skills:
 * Level 5.4 Fighting
 * Level 6.9 Long Blades
 - Level 4.0 Dodging
 - Level 6.0 Stealth
 + Level 2.9 Evocations


You had 7 spell levels left.
You didn't know any spells.
Your spell library was empty.

Dungeon Overview and Level Annotations

Branches:
Dungeon (5/15)             Temple (1/1) D:4

Altars:
Ashenzari
Cheibriados
Dithmenos
Elyvilon
Fedhas
Gozag
Hepliaklqana
Kikubaaqudgha
Makhleb
Nemelex Xobeh
Ru
Trog
Uskayaw
Vehumet
Wu Jian
Yredelemnul
Zin
The Shining One

Shops:
D:3 :


Innate Abilities, Weirdness & Mutations

You cannot wear most types of armour.
You are amphibious.
You can wear up to eight rings at the same time.
Your skin changes colour to match your surroundings (Stealth+).
Your rubbery body absorbs attacks. (AC +1, EV +1)
((You are camouflaged when in or above water. (Stealth+)))
You have tentacles for arms and can constrict up to eight enemies at once.
You are agile. (Dex +4, Str/Int -1)
Your flesh is cold resistant. (rC+)


Message History

The adder barely misses you.
The hound stops to sniff the ground.
The hound barely misses you. The quokka bites you.
As you read the scroll labelled BEYBIR DUEPPUTI, it crumbles to dust.
It is a scroll of brand weapon.
Your +5 dagger projects an invisible shield of force!
c - a +5 dagger of protection The hound closely misses you.
The adder misses you. The gnoll closely misses you.
The quokka barely misses you. The gnoll misses you.
A jelly comes into view.
The gnoll hits you from afar with a +0 halberd!
The iguana bites you. The hound closely misses you.
The adder barely misses you. The iguana barely misses you.
The gnoll barely misses you. The quokka bites you.
The gnoll hits you from afar with a +0 halberd!
* * * LOW HITPOINT WARNING * * *
The gnoll hits you with a +0 club.
* * * LOW HITPOINT WARNING * * *
The jelly moves out of view.
It was a potion of degeneration.
There was something very wrong with that liquid.
You feel weakened.
You feel dopey.
You feel clumsy.
An adder comes into view.
The hound closely misses you. The adder closely misses you.
The quokka closely misses you. The hound misses you.
The gnoll barely misses you. The iguana barely misses you.
The gnoll misses you. The gnoll closely misses you.
The adder barely misses you.
It was a potion of mutation.
You feel extremely strange.
You feel resistant to cold.
You feel agile. The hound bites you.
* * * LOW HITPOINT WARNING * * *
A scorpion comes into view.
The quokka bites you.
* * * LOW HITPOINT WARNING * * *
The adder bites you.
* * * LOW HITPOINT WARNING * * *
The gnoll hits you from afar with a +0 spear.
You die...

.... #... . .#. ....# ..
#..##...# ...
...#....... ... #..##
#......... ... #..#.
#.....<..## ... #..#.
.......[:.##.#). #....
#..gh@l......# ##....
##.sgrS..#.#.# #.....
##.gh...###>.# #.....
#...##....S..####....†
#............##.......
.........####s.........
..........##...##.......
#.......................
.........<............


You could see 2 scorpions, an iguana, 2 hounds, 3 gnolls, 2 adders and a quokka.

Vanquished Creatures
  Grinder (D:3)
  A wraith (D:5)
  An orc warrior (D:4)
  A phantom (D:5)
  3 hounds
  4 orc priests
  2 sleepcaps
  Terence (D:2)
  Natasha (thrice) (D:2)
  An iguana (D:5)
  3 orc wizards
  4 adders
  A white imp (D:4)
  3 worms (D:2)
  3 dart slugs
  18 orcs
  11 endoplasms
  6 giant cockroaches
  6 goblins
  4 hobgoblins
  3 jackals (D:4)
  6 kobolds
  2 quokkas (D:2)
  9 ball pythons
  3 bats
  4 frilled lizards
  6 rats
110 creatures vanquished.

Notes
Turn   | Place    | Note
-------+----------+-------------------------------------------
     0 | D:1      | Tirrikindir the Octopode Berserker began the quest for the
                  | Orb.
     0 | D:1      | Reached XP level 1. HP: 16/16 MP: 1/1
   283 | D:1      | Reached XP level 2. HP: 21/21 MP: 2/2
   317 | D:1      | You fall into a shaft and drop 1 floor!
   346 | D:2      | Reached skill level 1 in Stealth
   643 | D:1      | Reached XP level 3. HP: 24/26 MP: 3/3
   988 | D:2      | Found a faded altar of an unknown god.
  1107 | D:2      | Noticed Terence
  1116 | D:2      | Killed Terence
  1117 | D:2      | Reached XP level 4. HP: 29/31 MP: 4/4
  1317 | D:2      | Reached ** piety under Trog
  1503 | D:2      | Noticed Natasha
  1508 | D:2      | Killed Natasha
  1522 | D:2      | Noticed Natasha
  1527 | D:2      | Killed Natasha
  1528 | D:2      | Reached XP level 5. HP: 31/36 MP: 5/5
  1896 | D:2      | Noticed Natasha
  1902 | D:2      | Killed Natasha
  2176 | D:3      | Noticed Grinder
  2184 | D:3      | Killed Grinder
  2185 | D:3      | Reached skill level 5 in Long Blades
  2185 | D:3      | Reached XP level 6. HP: 32/43 MP: 6/6
  2323 | D:3      | Reached XP level 7. HP: 49/49 MP: 7/7
  2366 | D:3      | Reached *** piety under Trog
  2416 | D:3      | Found Zoasem's Book Emporium.
  3046 | D:4      | Found a staircase to the Ecumenical Temple.
  3052 | Temple   | Entered the Ecumenical Temple
  3391 | D:4      | Reached skill level 1 in Evocations
  3418 | D:4      | Reached skill level 5 in Stealth
  3775 | D:5      | Entered Level 5 of the Dungeon
  3840 | D:5      | Noticed a wraith
  3847 | D:5      | Killed a wraith
  3848 | D:5      | Reached skill level 5 in Fighting
  3848 | D:5      | Reached XP level 8. HP: 47/55 MP: 8/8
  3888 | D:5      | Gained mutation: Your flesh is cold resistant. (rC+)
                  | [potion of mutation]
  3888 | D:5      | Gained mutation: You are agile. (Dex +4, Str/Int -1)
                  | [potion of mutation]
  3888 | D:5      | HP: 2/56 [adder (2)]
  3888 | D:5      | Slain by a gnoll

Illustrated notes

Levels and vault maps discovered:
D:1:      ncdulo_wetmaze, layout_loops_corners, minmay_surrounded
D:2:      wad_river_or_something, layout_basic, nicolae_ecumenical_pavilion,
          uniq_terence, uniq_natasha
D:3:      layout_rooms, serial_shops, shop, uniq_grinder
D:4:      layout_loops_corners, minmay_temple_entry_enclosed_plants,
          guppyfry_early_orc_mine
D:5:      layout_cave_pools, general_overflow_altar, okawaru_ov_weapons_minmay,
          hangedman_minor_gate_pass
Temple:   eino_narrow_crystal_temple

Skill      XL: |  1  2  3  4  5  6  7  8 |
---------------+-------------------------+-----
Stealth        | 1 2 4 5 6 |  6.0
Long Blades    | 4 5 6 |  6.9
Fighting       | 4 5 |  5.4
Dodging        | 4 |  4.0
Evocations     | 2 |  2.9

Action                     |  1- 3 |  4- 6 |  7- 9 || total
---------------------------+-------+-------+-------++-------
  Melee: Falchion          |     8 |    16 |    88 ||   112
         Constrict         |    12 |    15 |    19 ||    46
         Tentacles         |    12 |    10 |    19 ||    41
         Dagger            |    31 |    55 |       ||    86
         Punch             |       |       |     1 ||     1
 Invoke: Berserk           |       |     2 |     3 ||     5
         Trog's Hand       |       |       |     2 ||     2
    Use: Scroll            |     2 |     2 |     3 ||     7
         Potion            |       |       |     5 ||     5
   Stab: Sleeping          |     9 |    13 |     7 ||    29
         Distracted        |       |     1 |       ||     1
 Armour: Skin              |       |     1 |     2 ||     3
  Dodge: Dodged            |    16 |    30 |    63 ||   109
